 Dungeon Crawl Stone Soup version 0.31-a0-150-g89dc3ad700 (webtiles) character file.

Game seed: 407891198014565357

603 qw the Skirmisher (level 7, -2/43 HPs)
             Began as a Gargoyle Hunter on June 8, 2023.
             Slain by a gnoll
             ... wielding a +0 spear
             ... led by a gnoll bouda
              (3 damage)
             ... on level 6 of the Dungeon.
             The game lasted 00:01:14 (3046 turns).

qw the Skirmisher (Gargoyle Hunter)                 Turns: 3046, Time: 00:01:15

Health: -2/43      AC: 10    Str: 14    XL:     7   Next: 42%
Magic:  7/7        EV: 10    Int: 10    God:
Gold:   135        SH:  0    Dex: 15    Spells: 6/6 levels left

rFire   . . .        Y - +3 shortbow
rCold   . . .        (shield currently unavailable)
rNeg    + . .        k - +0 ring mail
rPois   inf          (no helmet)
rElec   +            (no cloak)
rCorr   .            (no gloves)
SInv    .            (no boots)
Will    .....        (no amulet)
Stlth   +            (no ring)
HPRegen 0.27/turn    (no ring)
MPRegen 0.10/turn

%: no passive effects
@: about to teleport
A: sickness immunity, AC +4, negative energy resistance 1, electricity
resistance, torment resistance 1, petrification resistance
a: no special abilities


You were on level 6 of the Dungeon.
You visited 1 branch of the dungeon, and saw 5 of its levels.
You also visited: Sewer.

You collected 235 gold pieces.
You spent 100 gold pieces at shops.


Innate Abilities, Weirdness & Mutations

You are immune to sickness and miasma.
Your stone body is resilient. (AC +4)
You are immune to poison.
You resist negative energy. (rN+)
You are resistant to electric shocks. (rElec)
You are resistant to unholy torment.
You are immune to petrification.


   Skills:
 + Level 4.2 Fighting
 - Level 8.0 Ranged Weapons
 - Level 1.0 Armour
 - Level 1.5 Dodging
 - Level 1.1 Stealth


You had 6 spell levels left.
You didn't know any spells.
Your spell library was empty.

Inventory:

Hand Weapons
 Y - a +3 shortbow (weapon)
Armour
 i - a +2 pair of gloves
 k - a +0 ring mail (worn)
Scrolls
 b - a scroll of vulnerability {unknown}
 f - 3 scrolls of identify
Potions
 c - a potion of curing
 d - a potion of resistance
 e - a potion of might
 g - a potion of mutation {unknown}
 h - 2 potions of brilliance {unknown}
 j - a potion of degeneration {unknown}

Dungeon Overview and Level Annotations

Branches:
Dungeon (4/15)              Sewer (visited)
 Temple: D:4-7

Altars:

Shops:
D:2 [

Annotations:
D:3 2 transporters, qw's ghost, amateur MiHu


Message History

You hear an angry hiss.
You hear a howl! x2; You hear an angry buzzing noise.
You hear an angry growl.
You hear an angry buzzing noise. x2; You hear a shout! x3
You shoot an arrow.
The arrow hits the howler monkey but does no damage.
The gnoll hits you but does no damage.
The gnoll hits you from afar with a +0 spear.
Something hits you but does no damage. The gnoll misses you.
The howler monkey barely misses you.
You shoot an arrow. The arrow hits the howler monkey.
The howler monkey is lightly wounded.
The gnoll closely misses you. The gnoll hits you but does no damage.
A sky beast appears from thin air!
Reactivating autopickup.
The sky beast hits you but does no damage.
The howler monkey hits you but does no damage.
The gnoll hits you from afar with a +0 halberd!
The gnoll hits you from afar with a +0 spear.
The gnoll hits you but does no damage.
3044 ||| READING scroll of teleportation.
As you read the scroll of teleportation, it crumbles to dust.
You feel strangely unstable.
The gnoll is no longer moving quickly.
The sky beast hits you but does no damage.
The howler monkey misses you. The gnoll barely misses you.
The gnoll hits you from afar with a +0 spear.
The gnoll hits you but does no damage.
You shoot an arrow. The arrow hits the howler monkey!
The howler monkey is heavily wounded.
The howler monkey hits you but does no damage.
The sky beast hits you but does no damage.
The gnoll closely misses you. The howler monkey hits you.
The gnoll closely misses you. The gnoll hits you but does no damage.
An iguana comes into view.
The sky beast closely misses you.
You shoot an arrow. The arrow hits the howler monkey.
The howler monkey is severely wounded.
The gnoll is no longer moving quickly.
The gnoll barely misses you.
The howler monkey hoots and howls with incredible vigour!
The gnoll hits you from afar with a +0 spear.
You die...

.. #### ....
..# .....
#.###...!.
##.#.......
#.....# #....##
#....# #@...#
#...olhY.......
.....gg)g......
..#.#$#.......#
.. ............
..
.......$..##. .
... .......#
.....l......#


You could see a sky beast, a howler monkey (catching breath), 2 iguanas, 3
gnolls and an orc.

Vanquished Creatures
  Sigmund (D:3)
  A gnoll bouda (D:6)
  A jelly (D:4)
  A hound (D:4)
  Jessica (D:2)
  Terence (D:2)
  3 iguanas (D:4)
  2 gnolls (D:6)
  6 river rats
  7 adders
  2 dart slugs
  An orc (D:3)
  9 ball pythons
  10 endoplasms
  4 giant cockroaches
  7 goblins
  5 hobgoblins
  4 kobolds
  2 quokkas (D:1)
  5 bats
  6 frilled lizards
  17 rats
96 creatures vanquished.

Notes
Turn   | Place    | Note
-------+----------+-------------------------------------------
     0 | D:1      | qw the Gargoyle Hunter began the quest for the Orb.
     0 | D:1      | Reached XP level 1. HP: 12/12 MP: 1/1
     0 | D:1      | 0 ||| qw: Version: 0.2-a-120-gdf1a93b
     0 | D:1      | 0 ||| qw: Game counter: 2972
     0 | D:1      | 0 ||| qw: Always use a shield: true
     0 | D:1      | 0 ||| qw: God list: Okawaru
     0 | D:1      | 0 ||| qw: Allow faded altars: false
     0 | D:1      | 0 ||| qw: Do Orc after D:15 true
     0 | D:1      | 0 ||| qw: Do second Lair branch before Depths: true
     0 | D:1      | 0 ||| qw: Lair rune preference: random
     0 | D:1      | 0 ||| qw: Plans: Normal
     0 | D:1      | 0 ||| PLANNING D:1-11
    75 | D:1      | Reached XP level 2. HP: 15/17 MP: 2/2
   641 | D:1      | 641 ||| READING scroll labelled GOOTUA HUEMI.
   642 | D:1      | 642 ||| READING scroll labelled YSOUSMIUHOS.
   643 | D:1      | 643 ||| READING scroll labelled JAPSOU YGHORI.
   644 | D:1      | 644 ||| DRINKING 2 ruby potions.
   645 | D:1      | 645 ||| DROPPING scroll of butterflies.
   646 | D:1      | 646 ||| DROPPING potion of enlightenment.
   682 | D:2      | Reached skill level 5 in Ranged Weapons
   682 | D:2      | Reached XP level 3. HP: 21/21 MP: 3/3
   855 | D:2      | Noticed Terence
   863 | D:2      | Killed Terence
   864 | D:2      | Reached skill level 3 in Fighting
   864 | D:2      | Reached XP level 4. HP: 19/28 MP: 4/4
  1177 | D:2      | Noticed Jessica
  1181 | D:2      | Killed Jessica
  1361 | D:2      | Found Xuirieck's Antique Armour Shop.
  1366 | D:2      | 1366 ||| SHOPLISTING cloak (112 gold, have 110).
  1366 | D:2      | 1366 ||| SHOPLISTING helmet (112 gold, have 110).
  1366 | D:2      | 1366 ||| SHOPLISTING pair of gloves (112 gold, have 110).
  1366 | D:2      | 1366 ||| BUYING ring mail (100 gold).
  1366 | D:2      | Bought a ring mail for 100 gold pieces
  1422 | D:2      | 1422 ||| UPGRADING to +0 ring mail.
  1432 | D:2      | 1432 ||| DROPPING +0 leather armour.
  1433 | D:2      | 1433 ||| READING scroll labelled HIEGGAXZ RERI.
  1434 | D:2      | 1434 ||| READING scroll labelled ILLEKH PEXOF FECA.
  1435 | D:2      | 1435 ||| READING 2 scrolls labelled FOROSU VIYQOIBB.
  1436 | D:2      | 1436 ||| READING scroll labelled BENNEA JEROC.
  1437 | D:2      | 1437 ||| DRINKING 2 lumpy yellow potions.
  1460 | D:3      | 1460 ||| PLANNING SEWER
  1501 | D:3      | Noticed Sigmund
  1508 | D:3      | 1508 ||| DRINKING potion of curing.
  1508 | D:3      | 1508 ||| (to cure confusion)
  1514 | D:3      | Reached skill level 1 in Armour
  1514 | D:3      | Reached XP level 5. HP: 31/32 MP: 5/5
  1515 | D:3      | Killed Sigmund
  1516 | D:3      | Reached skill level 6 in Ranged Weapons
  1516 | D:3      | Reached XP level 6. HP: 37/37 MP: 6/6
  1604 | D:3      | 1604 ||| READING scroll of enchant weapon.
  1604 | D:3      | 1604 ||| ENCHANTING +1 shortbow.
  1665 | D:3      | Found a glowing drain.
  1666 | D:3      | 1666 ||| DROPPING scarf of harm.
  1704 | Sewer    | Entered a sewer
  1710 | Sewer    | 1710 ||| Stepping ~*~*~tactically~*~*~ (water).
  1916 | Sewer    | Reached skill level 7 in Ranged Weapons
  1990 | Sewer    | 1990 ||| Stepping ~*~*~tactically~*~*~ (water).
  2174 | Sewer    | 2174 ||| READING 2 scrolls labelled LOHIZO GIL.
  2179 | Sewer    | 2179 ||| READING scroll labelled FOCKEG VOMIPP.
  2180 | Sewer    | 2180 ||| DRINKING 2 brown potions.
  2181 | Sewer    | 2181 ||| DRINKING 2 fuming blue potions.
  2286 | Sewer    | 2286 ||| DROPPING potion of berserk rage.
  2315 | D:3      | 2315 ||| PLANNING D:1-11
  2411 | D:3      | Found a transporter.
  2414 | D:3      | Found a transporter.
  2414 | D:3      | Noticed qw's ghost (amateur MiHu)
  2555 | D:3      | 2555 ||| READING 3 scrolls of identify.
  2555 | D:3      | 2555 ||| IDENTIFYING sapphire potion
  2556 | D:3      | 2556 ||| READING 2 scrolls of identify.
  2556 | D:3      | 2556 ||| IDENTIFYING silvery potion
  2557 | D:3      | 2557 ||| DROPPING potion of magic.
  2604 | D:4      | Reached XP level 7. HP: 43/43 MP: 7/7
  2713 | D:4      | 2713 ||| READING scroll of enchant weapon.
  2713 | D:4      | 2713 ||| ENCHANTING +2 shortbow.
  3021 | D:4      | You fall into a shaft and drop 2 floors!
  3038 | D:6      | Reached skill level 8 in Ranged Weapons
  3043 | D:6      | HP: 6/43 [gnoll/+0 halberd[a gnoll bouda] (9)]
  3044 | D:6      | 3044 ||| READING scroll of teleportation.
  3044 | D:6      | HP: 2/43 [gnoll/+0 spear[a gnoll bouda] (3)]
  3046 | D:6      | Slain by a gnoll

Levels and vault maps discovered:
D:1:      giann_bridges, layout_loops_ring
D:2:      layout_loops_ring, serial_shops, shop, uniq_terence, uniq_jessica
D:3:      layout_rooms, portal_sewer_entry_a, gammafunk_ghost_smash,
          kennysheep_generic_room_15, uniq_sigmund
D:4:      cheibrodos_quashed, layout_loops_ring
D:6:      layout_rooms

Skill      XL: |  1  2  3  4  5  6  7 |
---------------+----------------------+-----
Ranged Weapons | 5 6 7 8 |  8.0
Fighting       | 3 4 |  4.2
Armour         | 1 |  1.0
Dodging        | |  1.5
Stealth        | |  1.1

Action                     |  1- 3 |  4- 6 |  7- 9 || total
---------------------------+-------+-------+-------++-------
   Fire: Shortbow          |    80 |   144 |    57 ||   281
    Use: Scroll            |     3 |     9 |     2 ||    14
         Potion            |     1 |     4 |       ||     5
 Armour: Leather armour    |     5 |     4 |       ||     9
         Ring mail         |       |    25 |    23 ||    48
  Dodge: Dodged            |    21 |    48 |    31 ||   100

Table legend:
 A = Non-vault XP
 B = Vault XP
 C = Vault XP percentage of total XP
 D = Non-vault monster count
 E = Vault monster count
 F = Vault count percentage of total count
                 A         B        C        D         E       F
            +---------+---------+-------+---------+---------+-------
      Total |     399 |     463 |  53.7 |      62 |      34 |  35.4
            +---------+---------+-------+---------+---------+-------
        D:1 |      31 |       0 |   0.0 |      17 |       0 |   0.0
        D:2 |      44 |      73 |  62.4 |      19 |       2 |   9.5
        D:3 |      30 |     263 |  89.8 |      10 |       6 |  37.5
        D:4 |     221 |       0 |   0.0 |      13 |       0 |   0.0
        D:6 |      73 |       0 |   0.0 |       3 |       0 |   0.0
      Sewer |       0 |     127 | 100.0 |       0 |      26 | 100.0
            +---------+---------+-------+---------+---------+-------
